 Dungeon Crawl Stone Soup version 0.21.0-3-g78d12a8 (console) character file.

806 nht the Quickloader (level 7, -3/58 HPs)
             Began as a Minotaur Hunter on Jan 9, 2018.
             Slain by Sigmund
             ... wielding a +0 scythe
              (11 damage)
             ... on level 5 of the Dungeon on Jan 10, 2018.
             The game lasted 00:06:47 (4963 turns).

nht the Quickloader (Minotaur Hunter)               Turns: 4963, Time: 00:06:48

Health: -3/58      AC:  7    Str: 18    XL:     7   Next: 60%
Magic:  6/6        EV: 10    Int:  8    God:
Gold:   214        SH:  0    Dex: 11    Spells: 6/6 levels left

rFire    . . .     SeeInvis .   b - +0 flail
rCold    + . .     Gourm    .   (no shield)
rNeg     . . .     Faith    .   m - +0 scale mail of the Iron Devil {rPois rC+}
rPois    +         Spirit   .   (helmet restricted)
rElec    .         Reflect  .   (no cloak)
rCorr    .         Harm     .   g - +0 pair of gloves
MR       .....                  (no boots)
Stlth    ..........             s - amulet of rage
HPRegen  0.19/turn              (no ring)
MPRegen  0.10/turn              (no ring)

@: no status effects
A: retaliatory headbutt, horns 2
a: Evoke Berserk Rage


You were on level 5 of the Dungeon.
You were very hungry.

You visited 1 branch of the dungeon, and saw 6 of its levels.

You collected 214 gold pieces.

Inventory:

Hand Weapons
 a - a +2 hand crossbow
 b - a +0 flail (weapon)
 c - a +0 short sword
Armour
 g - a +0 pair of gloves (worn)
 m - the +0 scale mail of the Iron Devil (worn) {rPois rC+}
   (You found it on level 1 of the Dungeon)

   It protects you from cold.
   It protects you from poison.
Jewellery
 d - an uncursed ring of poison resistance
 k - an uncursed ring of teleportation
 s - an amulet of rage (around neck)
Scrolls
 h - a scroll of remove curse
 l - 11 scrolls of identify
Comestibles
 f - 6 rations


   Skills:
 + Level 3.9 Fighting
 - Level 10.0 Crossbows
 - Level 2.1 Dodging
 - Level 0.7 Stealth


You had 6 spell levels left.
You didn't know any spells.

Dungeon Overview and Level Annotations

Branches:
Dungeon (6/15)
 Temple: D:4-7

Altars:
Cheibriados

Annotations:
D:5 Dowan, Duvessa, Sigmund


Innate Abilities, Weirdness & Mutations

You reflexively headbutt those who attack you in melee.
You have a pair of horns on your head.


Message History

Okay, then.
Firing (i - inventory): No suitable missiles.
Press: ? - help, Shift-Dir - straight line, f - you
Okay, then.
b - a +0 flail (weapon)
The crimson imp blinks!
Something hits you!
You see here 3 bolts.
You miss something. Something hits you but does no damage.
You sock something! Your headbutt misses something.
You hear some strange, mumbled words.
Something tries to affect you, but you resist.
You thump something! Something hits you!
* * * LOW HITPOINT WARNING * * *
You barely miss something.
You hear some strange, mumbled words.
A puff of flame appears from out of thin air!
The puff of flame hits you!
* * * LOW HITPOINT WARNING * * *
You barely miss something. Something hits you!
You die... █......█ █......█ █......█ ██████

█......█ ......
█......█ █......
█......██████.....
█......█......█
█..?...█.██...█
█.........█...█
███..████.....█
█.@{█ ███...█
█(█.███.....█
███.██.....██
█.5......██
██...█.█<.█ +.
██.....█..█
h████.....██.██
gP......█.██.█
....█..█..█.██
.......███.█..█
██.█....=.....█


You could see a crimson imp.

Vanquished Creatures
  A necrophage (D:4)
  3 ogres
  4 hounds
  A bullfrog skeleton (D:4)
  2 orc wizards (D:4)
  A worker ant (D:4)
  12 gnolls
  6 adders
  2 oozes
  An adder skeleton (D:4)
  3 worms
  3 leopard geckos
  6 orcs
  A giant cockroach (D:3)
  4 goblins
  2 hobgoblins (D:3)
  2 jackals (D:4)
  5 kobolds
  6 quokkas
  2 bats
  7 frilled lizards
  A jackal skeleton (D:4)
  2 leopard gecko skeletons (D:4)
  2 rats
79 creatures vanquished.

Notes
Turn   | Place    | Note
-------+----------+-------------------------------------------
     0 | D:1      | nht the Minotaur Hunter began the quest for the Orb.
     0 | D:1      | Reached XP level 1. HP: 18/18 MP: 0/0
   284 | D:1      | Reached XP level 2. HP: 22/25 MP: 1/1
   658 | D:1      | Got an encrusted scale mail
   669 | D:1      | Identified the cursed +0 scale mail of the Iron Devil {rPois rC+} (You found it on level 1 of the Dungeon)
   839 | D:2      | Reached skill level 5 in Crossbows
   978 | D:2      | Reached XP level 3. HP: 28/30 MP: 2/2
   987 | D:2      | Reached skill level 6 in Crossbows
  1638 | D:3      | Reached XP level 4. HP: 37/37 MP: 3/3
  2392 | D:4      | Reached skill level 7 in Crossbows
  2392 | D:4      | Reached XP level 5. HP: 29/42 MP: 4/4
  2423 | D:4      | Found a snail-covered altar of Cheibriados.
  2569 | D:4      | Noticed an ogre
  2572 | D:4      | Killed an ogre
  2646 | D:4      | Noticed an ogre
  2651 | D:4      | HP: 2/42 [ogre/giant club (13)]
  2656 | D:4      | Killed an ogre
  2656 | D:4      | Reached skill level 8 in Crossbows
  2656 | D:4      | Reached XP level 6. HP: 22/50 MP: 5/5
  3306 | D:5      | Entered Level 5 of the Dungeon
  3605 | D:5      | Noticed Duvessa
  3622 | D:6      | Reached skill level 9 in Crossbows
  3814 | D:6      | Reached XP level 7. HP: 32/56 MP: 6/6
  4006 | D:5      | Noticed Sigmund
  4114 | D:5      | Noticed Dowan
  4355 | D:4      | Reached skill level 10 in Crossbows
  4361 | D:4      | HP: 2/55 [gnoll/halberd (10)]
  4963 | D:5      | Slain by Sigmund

Skill      XL: |  1  2  3  4  5  6  7 |
---------------+----------------------+-----
Crossbows      | 5 6 7 8 9 10 | 10.0
Fighting       | 3 |  3.9
Dodging        | |  2.1
Stealth        | |  0.7

Action                   |  1- 3 |  4- 6 |  7- 9 || total
-------------------------+-------+-------+-------++-------
Melee: Hand crossbow     |       |     5 |       ||     5
       Short sword       |       |    25 |     8 ||    33
       Headbutt          |       |     7 |    13 ||    20
       Flail             |       |       |    61 ||    61
 Fire: Hand crossbow     |    46 |   137 |    12 ||   195
  Use: Potion            |       |     7 |     1 ||     8
       Scroll            |       |    12 |     1 ||    13
  Eat: Chunk             |     1 |     8 |     2 ||    11
Armor: Leather armour    |     2 |       |       ||     2
       Scale mail        |     1 |    49 |    42 ||    92
Dodge: Dodged            |    12 |    49 |    54 ||   115
